AoeStats
← Filth Daddy

African Clearing

510589660Analyzed
2v2 RM · 10h ago on Oct 1, 2026· 32m 28s· 4 players
Game mode
Random Map
Map size
Medium (4 player)
Population
200
Speed
Normal
Resources
Standard
Victory
Conquest
Starting age
Dark Age
Ending age
Imperial Age
RankedLock teamsTeams togetherTeam positionsShared explorationLock speedFull tech treeHidden civsTurbo modeCheats
Victory
Defeat
🇺🇸 Burgundians · United States
1126
+14
1050
+17
🇬🇧 Vietnamese · United Kingdom
1107
-17
🇬🇧 Franks · United Kingdom
1045
-14
Jesus2.0
4:59 Loom
15:54 Feudal Age
17:34 Loom
26:54 Castle Age
Filth Daddy
4:44 Loom
14:36 Feudal Age
15:02 Double-Bit Axe
18:27 Fletching
23:39 Padded Archer Armor
26:06 Castle Age
25:22 Horse Collar
26:56 Bodkin Arrow
26:21 Crossbowman
27:15 Bow Saw
28:51 Padded Archer Armor
Волк в сапогах
5:22 Loom
15:20 Feudal Age
19:18 Double-Bit Axe
19:59 Bloodlines
26:45 Castle Age
25:25 Town Watch
O.Bender
9:47 Double-Bit Axe
12:20 Loom
14:25 Feudal Age
21:19 Castle Age
19:45 Padded Archer Armor
19:36 Fletching
20:15 Bow Saw
20:52 Gold Mining
28:27 Elite Skirmisher
31:34 Bodkin Arrow
Connection lost

Rejoining the realm…

Still unreachable

The connection could not be restored.

Session expired

The server has moved on; the page needs a fresh start.